 Dungeon Crawl Stone Soup version 0.30-a0-737-gf23d94013f (webtiles) character file.

Game seed: 5313428987632948718

319 jimonade the Magician (level 6, -5/41 HPs)
             Began as a Djinni Hedge Wizard on Feb 2, 2023.
             Slain by an iguana (10 damage)
             ... on level 4 of the Dungeon.
             The game lasted 00:05:49 (3624 turns).

jimonade the Magician (Djinni Hedge Wizard)         Turns: 3624, Time: 00:05:50

Health: -5/41      AC:  4    Str: 11    XL:     6   Next: 75%
Gold:   220        EV: 12    Int: 15    God:
                   SH:  0    Dex: 13

rFire   + + .      SeeInvis .    a - +0 dagger
rCold   x . .      Faith    .    (no shield)
rNeg    . . .      Spirit   .    q - +0 robe
rPois   ∞          Reflect  .    o - +0 helmet
rElec   .          Harm     .    (no cloak)
rCorr   .          Rampage  .    x - +0 pair of gloves
Will    .....                    (boots unavailable)
Stlth   ++                       (no amulet)
HPRegen 0.26/turn                (no ring)
MPRegen 0.00/turn                (no ring)

@: flying
A: sickness immunity, fire resistance 2, cold vulnerability 1, float, innate
caster, HP casting, extra vitality 1
a: no special abilities


You were on level 4 of the Dungeon.
You visited 1 branch of the dungeon, and saw 4 of its levels.

You collected 220 gold pieces.

Inventory:

Hand Weapons
 a - a +0 dagger (weapon)
 b - a +1 sling of flaming
 h - a +0 spear
Missiles
 e - 10 poisoned darts
Armour
 c - a +0 hat
 f - a +0 scale mail
 o - a +0 helmet (worn)
 q - a +0 robe (worn)
 x - a +0 pair of gloves (worn)
 A - a +0 leather armour
Scrolls
 g - 3 scrolls of teleportation {unknown}
 j - 3 scrolls of identify {unknown}
 l - a scroll of silence {unknown}
 m - a scroll of poison {unknown}
 s - 2 scrolls of vulnerability {unknown}
 t - a scroll of magic mapping {unknown}
 u - a scroll of enchant armour {unknown}
 w - a scroll of fear {unknown}
 y - a scroll of fog {unknown}
Potions
 d - a potion of magic
 i - 2 potions of mutation {unknown}
 k - 2 potions of heal wounds {unknown}
 n - a potion of ambrosia {unknown}
 p - 2 potions of degeneration {unknown}
 r - a potion of haste {unknown}
 v - 2 potions of attraction {unknown}
 z - a potion of might {unknown}
 B - a potion of experience {unknown}


   Skills:
 + Level 0.5 Fighting
 + Level 0.3 Short Blades
 + Level 2.7 Dodging
 - Level 1.5 Stealth
 * Level 5.2 Spellcasting


You had 3 spell levels left.
You knew the following spells:

 Your Spells              Type           Power      Damage    Failure   Level
a - Magic Dart            Conj           76%        1d6       1%          1
b - Slow                  Hex            76%        N/A       1%          1
c - Blink                 Tloc           38%        N/A       2%          2
d - Call Imp              Summ           19%        N/A       2%          2
e - Mephitic Cloud        Conj/Pois/Air  19%        N/A       5%          3
f - Foxfire               Conj/Fire      76%        2x1d7     1%          1
g - Passwall              Tmut/Erth      15%        N/A       2%          2
Your spell library was empty.

Dungeon Overview and Level Annotations

Branches:
Dungeon (4/15)
 Temple: D:4-7

Altars:

Annotations:
D:1 exclusion: downstairs


Innate Abilities, Weirdness & Mutations

You are immune to sickness and miasma.
You are immune to poison.
Your flesh is very heat resistant. (rF++)
You are vulnerable to cold. (rC-)
You float through the air rather than walking.
You learn spells naturally, not from books.
Your magical power is your life essence.
You have superior vitality. (+4 MHP)


Message History

You are confused.
The iguana bites you.
You're too confused to cast spells.
You're too confused to cast spells.
You're too confused to cast spells.
You're too confused to cast spells.
You're too confused to cast spells.
You're too confused to cast spells.
You're too confused to cast spells.
You're too confused to cast spells.
You're too confused to cast spells.
You're too confused to cast spells.
You're too confused to move!
The foxfire hits the orc wizard.
The orc wizard is heavily wounded.
The orc wizard hits you with a +0 dagger.
The iguana bites you!
You miss the orc wizard.
The orc wizard is heavily wounded.
You barely miss the orc wizard.
The orc wizard is heavily wounded.
The iguana closely misses you. Something hits you.
The orc wizard hits you but does no damage.
The iguana bites you but does no damage.
You bump into the rock wall.
The iguana barely misses you. Something hits you but does no damage.
The orc wizard hits you with a +0 dagger.
An endoplasm comes into view.
You hit the orc wizard.
The orc wizard is heavily wounded.
The iguana barely misses you. The orc barely misses you. Something hits you.
The orc wizard hits you but does no damage.
A gnoll comes into view. It is wielding a +0 club.
The orc attacks as you move away! The orc hits you but does no damage.
You feel less confused. The iguana bites you!
* * * LOW HITPOINT WARNING * * *
The orc wizard gestures wildly while chanting.
The orc wizard flickers and vanishes!
You hit something. The iguana bites you!
You die...

.......# ... .
...J...##... ..
...g........ ..
........ .. ..>.). #.
#..# ####### ####
##..##l.###.....###...
#....@o.!.............
#......{..............
#.....................
#############.....#...
#...###### ......#
.......# .......#


You could see an iguana and an orc.

Vanquished Creatures
  A scorpion (D:4)
  A necrophage (D:4)
  A howler monkey (D:4)
  A hound (D:4)
  An orc priest (D:4)
  Terence (D:2)
  An adder (D:3)
  A worm (D:2)
  2 dart slugs
  4 orcs
  3 bats
  8 endoplasms
  A giant cockroach (D:3)
  6 goblins
  5 hobgoblins
  5 jackals
  A quokka (D:2)
  2 ball pythons (D:2)
  3 frilled lizards
  A kobold (D:3)
  10 rats
59 creatures vanquished.

Vanquished Creatures (collateral kills)
  10 foxfires (D:3)
10 creatures vanquished.

Vanquished Creatures (others)
  148 foxfires
  26 plants (D:3)
174 creatures vanquished.

Grand Total: 243 creatures vanquished

Notes
Turn   | Place    | Note
-------+----------+-------------------------------------------
     0 | D:1      | jimonade the Djinni Hedge Wizard began the quest for the
                  | Orb.
     0 | D:1      | jimonade set off with the following spells memorised: Magic
                  | Dart, Slow, Blink, Call Imp, Mephitic Cloud.
     0 | D:1      | Reached XP level 1. HP: 15/15 MP: 0/0
   293 | D:1      | Reached XP level 2. HP: 18/21 MP: 0/0
   383 | D:1      | Reached skill level 3 in Spellcasting
   647 | D:1      | Reached XP level 3. HP: 24/25 MP: 0/0
   647 | D:1      | Learned a level 1 spell: Foxfire
  1361 | D:2      | Noticed Terence
  2277 | D:2      | Killed Terence
  2278 | D:2      | Reached XP level 4. HP: 18/31 MP: 0/0
  3252 | D:4      | Noticed a scorpion
  3262 | D:4      | Reached skill level 4 in Spellcasting
  3262 | D:4      | Reached XP level 5. HP: 20/35 MP: 0/0
  3262 | D:4      | Learned a level 2 spell: Passwall
  3338 | D:4      | Reached XP level 6. HP: 19/40 MP: 0/0
  3614 | D:4      | Reached skill level 5 in Spellcasting
  3624 | D:4      | Slain by an iguana

Illustrated notes

Levels and vault maps discovered:
D:1:      mainiacjoe_arrival_reflecting_pool, layout_loops_ring
D:2:      layout_loops_corners, chequers_arboretum, kennysheep_generic_room_2,
          uniq_terence
D:3:      wander_river, layout_loops_ring, serial_bayou, serial_bayou_ford_a,
          serial_bayou_pond_d, serial_bayou_lagoon_a, serial_bayou_pond_b,
          minmay_strange_pillars, minivault_4
D:4:      layout_gridville

Skill      XL: |  1  2  3  4  5  6 |
---------------+-------------------+-----
Spellcasting   | 3 4 5 |  5.2
Fighting       | |  0.5
Short Blades   | |  0.3
Dodging        | |  2.7
Stealth        | |  1.5

Action                     |  1- 3 |  4- 6 || total
---------------------------+-------+-------++-------
  Melee: Dagger            |     9 |     5 ||    14
   Cast: Magic Dart        |    93 |     2 ||    95
         Foxfire           |    10 |    82 ||    92
         Mephitic Cloud    |     1 |       ||     1
         Blink             |     1 |       ||     1
 Armour: Robe              |       |    10 ||    10
  Dodge: Dodged            |    16 |    15 ||    31

Table legend: (Time is in decaauts)
 A = Elapsed time spent in this place.
 B = Non-inter-level travel time spent in this place.
 C = Inter-level travel time spent in this place.
 D = Time resting spent in this place.
 E = Time spent auto-exploring this place.
 F = Levels seen in this place.
 G = Mean time per level.
                   A        B        C        D        E       F      G
               +--------+--------+--------+--------+--------+-----+--------+
         Total |   3622 |   3393 |    229 |     60 |   2727 |   4 |  905.5 |
       Dungeon |   3622 |   3393 |    229 |     60 |   2727 |   4 |  905.5 |
               +--------+--------+--------+--------+--------+-----+--------+

Top non-repeatable levels by time:
     D:2: 1443 daAuts
     D:1: 940 daAuts
     D:3: 860 daAuts
     D:4: 377 daAuts
